 Dungeon Crawl Stone Soup version 0.29.1-12-g30fa7ad0bf (webtiles) character file.

Game seed: 14624135612532650849

29 sanboga the Trooper (level 3, -8/29 HPs)
             Began as a Demonspawn Berserker on Dec 13, 2022.
             Was a Follower of Trog.
             Mangled by a gnoll
             ... wielding a +0 flail
              (10 damage)
             ... on level 1 of the Dungeon.
             The game lasted 00:00:47 (1209 turns).

sanboga the Trooper (Demonspawn Berserker)          Turns: 1209, Time: 00:00:48

Health: -8/29      AC:  2    Str: 19    XL:     3   Next: 1%
Magic:  3/3        EV: 12    Int:  8    God:    Trog [*.....]
Gold:   38         SH:  0    Dex: 12    Spells: 2/2 levels left

rFire   . . .      SeeInvis .     - Unarmed
rCold   . . .      Faith    .   (no shield)
rNeg    . . .      Spirit   .   a - +0 animal skin
rPois   .          Reflect  .   (helmet restricted)
rElec   .          Harm     .   (no cloak)
rCorr   .          Rampage  .   (no gloves)
Will    .....                   (no boots)
Stlth   +.........              (no amulet)
HPRegen 0.09/turn               (no ring)
MPRegen 0.08/turn               (no ring)

@: no status effects
A: antennae 1
a: Renounce Religion, Berserk


You were on level 1 of the Dungeon.
You worshipped Trog.
Trog was aware of your devotion.
You visited 1 branch of the dungeon, and saw 2 of its levels.

You collected 38 gold pieces.

Inventory:

Armour
 a - a +0 animal skin (worn)
Scrolls
 c - a scroll of magic mapping {unknown}
 f - a scroll of enchant armour {unknown}
 g - a scroll of teleportation {unknown}
 i - a scroll of summoning {unknown}
 j - a scroll of torment {unknown}
 k - a scroll of vulnerability {unknown}
 l - a scroll of fog {unknown}
Potions
 b - 2 potions of heal wounds {unknown}
 d - a potion of attraction {unknown}
 e - a potion of curing {unknown}
 h - a potion of flight {unknown}


   Skills:
 + Level 3.3 Fighting
 + Level 2.2 Armour
 - Level 1.7 Dodging
 * Level 3.3 Unarmed Combat


You had 2 spell levels left.
You didn't know any spells.
Your spell library was empty.

Dungeon Overview and Level Annotations

Branches:
Dungeon (2/15)

Altars:


Innate Abilities, Weirdness & Mutations

You have a pair of small antennae on your head.


Message History

You closely miss the jackal. The jackal barely misses you.
You hit the jackal.
You kill the jackal!
Trog accepts your kill.
You have reached level 3!
Your experience leads to an increase in your attributes!
Increase (S)trength, (I)ntelligence, or (D)exterity?
You feel stronger. x2
A gnoll comes into view. It is wielding a +0 flail.
A gnoll is nearby!
A gnoll is nearby!
A gnoll is nearby!
The gnoll shouts!
You hear a shout! x2; You hear an angry hiss.
A gnoll comes into view. It is wielding a +0 flail.
You hit the gnoll but do no damage.
A gnoll comes into view. It is wielding a +0 spear.
You closely miss the gnoll. You hit the gnoll but do no damage.
You hit the gnoll but do no damage. The gnoll hits you with a +0 flail!
You hit the gnoll.
The gnoll is moderately wounded.
The gnoll closely misses you. x2
You hit the gnoll.
The gnoll is heavily wounded.
The gnoll closely misses you.
The gnoll hits you from afar with a +0 spear.
You are too injured to fight recklessly!
You are too injured to fight recklessly!
You are too injured to fight recklessly!
There is a stone staircase leading up here.
The gnoll hits you from afar with a +0 spear.
* * * LOW HITPOINT WARNING * * *
The gnoll hits you with a +0 flail!
* * * LOW HITPOINT WARNING * * *
You climb upwards.
There is a stone staircase leading down here.
You hit the gnoll.
The gnoll is severely wounded.
The gnoll hits you with a +0 flail!
You die...

######## #.......
###.######
#########...#
#.........########
#g##########.....#
#@...............†
####.#######.#...#
#.# #.##### #.#
#...... #.#
####### #.###
#...######
#.#......#
#..#.#.#.##


You could see a gnoll.

Vanquished Creatures
  A dart slug (D:1)
  3 giant cockroaches (D:1)
  A goblin (D:1)
  8 hobgoblins
  2 jackals (D:2)
  A quokka (D:1)
  3 ball pythons (D:1)
  2 bats (D:1)
  2 frilled lizards (D:1)
23 creatures vanquished.

Notes
Turn   | Place    | Note
-------+----------+-------------------------------------------
     0 | D:1      | sanboga the Demonspawn Berserker began the quest for the
                  | Orb.
     0 | D:1      | Reached XP level 1. HP: 18/18 MP: 1/1
    19 | D:1      | Found a faded altar of an unknown god.
   334 | D:1      | Gained mutation: You have a pair of small antennae on your
                  | head. [demonic ancestry]
   334 | D:1      | Reached XP level 2. HP: 23/24 MP: 2/2
  1178 | D:2      | Reached XP level 3. HP: 24/29 MP: 3/3
  1207 | D:2      | HP: 1/29 [gnoll/+0 flail (7)]
  1209 | D:1      | Mangled by a gnoll

Illustrated notes

Levels and vault maps discovered:
D:1:      lightli_arrival_chessboard, layout_basic,
          dreamdust_ecumenical_altar_statues
D:2:      layout_loops_ring

Skill      XL: |  1 |
---------------+----+-----
Armour         | 2 |  2.2
Unarmed Combat | 3 |  3.3
Fighting       | |  3.3
Dodging        | |  1.7

Action                   || total
-------------------------++-------
Melee: Unarmed           ||   100
       Punch             ||     2
Armor: Animal skin       ||    12
Dodge: Dodged            ||    70
